Map: Frozen Temple

Players

Drager - Winner!

  • Race: Protoss Protoss
  • League: Master

Zerghamdi

  • Race: Zerg Zerg
  • League: Master

VOD

https://www.youtube.com/channel/UCcSgNfDNxvyisU-eCj9xyNg/playlists

Description

Time

  • Played on: Aug. 26, 2016, 9:15 a.m.
  • Length: 9:26
Show
View Real Time Build Order
Export as new Build Order

Drager Protoss - Winner!

Build Orders:  

Get SALT Encoding   

  12  0:01  Probe (Chrono Boost)  
  13  0:11  Probe (Chrono Boost)  
  14  0:19  Pylon  
  14  0:22  Probe (Chrono Boost)  
  15  0:37  Probe (Chrono Boost)  
  15  0:38  Gateway  
  16  0:47  Probe (Chrono Boost)  
  17  0:52  Forge  
  17  0:58  Probe (Chrono Boost)  
  17  1:03  Assimilator  
  18  1:09  Probe (Chrono Boost)  
  19  1:19  Probe (Chrono Boost)  
  20  1:35  Pylon  
  20  1:37  Pylon  
  20  1:39  Pylon  
  20  1:40  Pylon  
  20  1:45  Probe (Chrono Boost)  
  21  1:54  Photon Cannon  
  21  1:56  Photon Cannon  
  21  2:02  Probe (Chrono Boost)  
  21  2:07  Cybernetics Core  
  22  2:12  Assimilator  
  22  2:16  Probe (Chrono Boost)  
  22  2:22  Pylon  
  23  2:27  Probe (Chrono Boost)  
  24  2:45  Stargate  
  24  2:54  Mothership Core (Chrono Boost)  
  26  3:00  Warp Gate  
  26  3:11  Nexus  
  26  3:16  Probe (Chrono Boost)  
  27  3:25  Void Ray  
  32  3:35  Probe (Chrono Boost)  
  32  3:40  Adept  
  34  3:53  Pylon  
  34  3:54  Probe (Chrono Boost)  
  35  4:03  Void Ray  
  35  4:06  Probe (Chrono Boost)  
  41  4:18  Probe (Chrono Boost)  
  41  4:21  Pylon  
  41  4:25  Probe (Chrono Boost)  
  41  4:31  Probe (Chrono Boost)  
  43  4:33  Stargate  
  43  4:35  Probe (Chrono Boost)  
  44  4:40  Assimilator  
  44  4:44  Probe (Chrono Boost)  
  45  4:46  Probe (Chrono Boost)  
  45  4:49  Void Ray  
  46  4:59  Probe (Chrono Boost)  
  51  5:01  Probe (Chrono Boost)  
  51  5:04  Pylon  
  52  5:07  Pylon  
  52  5:11  Probe (Chrono Boost)  
  52  5:12  Probe (Chrono Boost)  
  54  5:24  Probe (Chrono Boost)  
  54  5:25  Void Ray  
  59  5:31  Probe (Chrono Boost)  
  61  5:36  Probe (Chrono Boost)  
  61  5:40  Assimilator  
  61  5:42  Probe (Chrono Boost)  
  62  5:43  Phoenix, Pylon  
  62  5:48  Probe (Chrono Boost)  
  65  5:52  Probe (Chrono Boost)  
  66  6:00  Probe (Chrono Boost)  
  66  6:04  Probe (Chrono Boost)  
  68  6:08  Phoenix  
  72  6:13  Probe (Chrono Boost)  
  70  6:21  Probe (Chrono Boost)  
  64  6:36  Pylon  
  64  6:43  Stargate, Pylon x2  
  53  6:56  Probe (Chrono Boost)  
  49  7:02  Photon Cannon  
  49  7:03  Photon Cannon x2  
  44  7:11  Photon Cannon  
  44  7:12  Photon Cannon  
  43  7:21  Void Ray, Probe x2 (Chrono Boost)  
  46  7:37  Pylon  
  46  7:38  Pylon  
  46  7:41  Probe (Chrono Boost)  
  48  7:45  Probe (Chrono Boost)  
  48  7:50  Void Ray  
  49  7:53  Probe (Chrono Boost)  
  49  7:54  Void Ray  
  49  7:57  Probe (Chrono Boost)  
  58  8:05  Probe (Chrono Boost)  
  59  8:06  Void Ray  
  59  8:09  Probe (Chrono Boost)  
  64  8:17  Probe (Chrono Boost)  
  65  8:22  Probe (Chrono Boost)  
  66  8:27  Probe (Chrono Boost)  
  66  8:32  Probe (Chrono Boost), Pylon  
  68  8:38  Probe (Chrono Boost)  
  69  8:43  Probe (Chrono Boost)  
  69  8:47  Phoenix  
  73  8:48  Probe (Chrono Boost)  
  73  8:49  Phoenix  
  73  8:54  Probe (Chrono Boost)  
  76  8:59  Probe (Chrono Boost)  
  77  9:04  Probe (Chrono Boost)  
  77  9:09  Probe (Chrono Boost)  
  81  9:12  Pylon  
Show
View Real Time Build Order
Export as new Build Order

Zerghamdi Zerg 

Build Orders: Hatch First, Ravager All-In 

Get SALT Encoding   

  12  0:00  Drone  
  13  0:13  Overlord  
  13  0:17  Drone  
  14  0:31  Drone x2  
  14  0:35  Drone  
  17  0:52  Hatchery  
  17  0:56  Drone  
  17  1:00  Drone  
  17  1:03  Extractor  
  17  1:16  Spawning Pool  
  16  1:24  Drone x2  
  18  1:35  Drone  
  19  1:44  Extractor  
  18  1:51  Drone x2  
  20  1:57  Extractor  
  20  2:00  Drone  
  20  2:06  Roach Warren  
  19  2:10  Queen  
  22  2:19  Extractor  
  22  2:21  Drone  
  22  2:23  Overlord  
  23  2:42  Extractor  
  22  2:46  Roach x3  
  22  2:51  Overlord  
  28  2:57  Roach  
  30  3:06  Ravager x3  
  30  3:10  Roach  
  35  3:17  Ravager  
  36  3:38  Ravager  
  37  3:48  Hatchery, Queen  
  38  3:58  Overlord x2  
  38  4:23  Queen, Drone x3  
  43  4:29  Roach  
  45  4:36  Overlord  
  45  4:45  Overlord  
  45  4:56  Roach x2  
  45  4:59  Roach  
  51  5:01  Ravager  
  52  5:07  Spore Crawler  
  52  5:10  Roach  
  53  5:19  Roach  
  53  5:31  Queen  
  53  5:43  Spore Crawler  
  53  5:44  Queen  
  53  5:48  Drone  
  53  5:49  Drone  
  56  5:54  Drone  
  55  6:00  Drone x2  
  58  6:04  Drone  
  52  6:27  Spore Crawler  
  52  6:32  Roach x6  
  59  6:37  Ravager x2  
  59  6:38  Ravager  
  56  6:50  Roach x2  
  60  6:57  Spore Crawler, Queen  
  51  7:15  Spore Crawler x2  
  46  7:29  Roach  
  38  7:33  Queen  
  38  7:34  Ravager x3  
  39  7:46  Ravager  
  39  7:49  Ravager  
  37  8:07  Spawning Pool  
  21  8:29  Drone x3  
  21  8:30  Drone x3  
  21  8:31  Hatchery  
Tags
 
Add a new tag
Caveats
  • Supply blocks, unpowered buildings, or Contaminate may cause inaccurate times.
  • Supply counts are checked every 10 seconds.